 Dungeon Crawl Stone Soup version 0.26-a0-264-g3a471323bd (webtiles) character file.

Game seed: 13554309248399826960

31 BritishOli the Skirmisher (level 3, 0/29 HPs)
             Began as a Demonspawn Fighter on July 11, 2020.
             Slain by a worker ant (5 damage)
             ... on level 2 of the Dungeon.
             The game lasted 00:00:27 (827 turns).

BritishOli the Skirmisher (Demonspawn Fighter)       Turns: 827, Time: 00:00:28

Health: 0/29       AC:  8    Str: 17    XL:     3   Next: 7%
Magic:  3/3        EV:  6    Int:  9    God:
Gold:   83         SH:  8    Dex: 12    Spells: 2/2 levels left

rFire    . . .     SeeInvis .   a - +0 long sword
rCold    . . .     Faith    .   c - +0 kite shield
rNeg     . . .     Spirit   .   b - +0 scale mail
rPois    .         Reflect  .   (no helmet)
rElec    .         Harm     .   (no cloak)
rCorr    .                      (no gloves)
MR       .....                  (no boots)
Stlth    ..........             (no amulet)
HPRegen  0.09/turn              (no ring)
MPRegen  0.08/turn              (no ring)

@: no status effects
A: claws 1, icy blue scales 1
a: no special abilities


You were on level 2 of the Dungeon.
You were not hungry.

You visited 1 branch of the dungeon, and saw 2 of its levels.

You collected 83 gold pieces.

Inventory:

Hand Weapons
 a - a +0 long sword (weapon)
Armour
 b - a +0 scale mail (worn)
 c - a +0 kite shield (worn)
Scrolls
 e - a scroll of amnesia {unknown}
 g - a scroll of enchant armour {unknown}
 h - 3 scrolls of identify {unknown}
 i - a scroll of magic mapping {unknown}
Potions
 d - a potion of might
 j - a potion of magic {unknown}
 k - a potion of curing {unknown}
 l - a potion of brilliance {unknown}
Comestibles
 f - 4 rations


   Skills:
 + Level 3.2 Fighting
 * Level 2.3 Long Blades
 * Level 3.1 Armour
 + Level 2.9 Shields


You had 2 spell levels left.
You didn't know any spells.
Your spell library was empty.

Dungeon Overview and Level Annotations

Branches:
Dungeon (2/15)

Altars:


Innate Abilities, Weirdness & Mutations

You have sharp fingernails.
You are partially covered in icy blue scales. (AC +2)


Message History

The worker ant bites you but does no damage.
You hit the worker ant.
The worker ant is almost dead.
You feel sick. You block the worker ant's attack.
The worker ant bites you but does no damage.
You barely miss the worker ant.
The worker ant is almost dead.
The worker ant bites you.
* * * LOW HITPOINT WARNING * * *
The worker ant bites you.
* * * LOW HITPOINT WARNING * * *
You closely miss the worker ant.
The worker ant is almost dead.
You block the worker ant's attack.
You closely miss the worker ant.
The worker ant is almost dead.
You feel sick.
You are no longer poisoned.
The worker ant bites you.
You die...

. #.# ###. ... ...r# #.#
##...# #.# #.....# ####.#
.......## ##.##.#
........####...#.#######.
......[rwa@..............
........####...#.#######.
..$....## ##.##.# #.....#
####†# ##...# #.#
##+########## #.#
#####.##.......# #.#
#........#####.# #.#
#.###.......##.# #.#


You could see a worker ant, a dart slug and a rat.

Vanquished Creatures
  An ooze (D:1)
  A dart slug (D:1)
  A leopard gecko (D:1)
  2 ball pythons (D:1)
  A giant cockroach (D:2)
  3 goblins (D:1)
  A hobgoblin (D:1)
  4 kobolds (D:1)
  5 bats
  4 rats (D:1)
23 creatures vanquished.

Notes
Turn   | Place    | Note
-------+----------+-------------------------------------------
     0 | D:1      | BritishOli the Demonspawn Fighter began the quest for the
                  | Orb.
     0 | D:1      | Reached XP level 1. HP: 18/18 MP: 1/1
   132 | D:1      | Gained mutation: You have sharp fingernails. [demonic
                  | ancestry]
   132 | D:1      | Reached XP level 2. HP: 24/24 MP: 2/2
   695 | D:1      | Gained mutation: You are partially covered in icy blue
                  | scales. (AC +2) [demonic ancestry]
   695 | D:1      | Reached XP level 3. HP: 29/29 MP: 3/3
   827 | D:2      | Slain by a worker ant

Illustrated notes

Levels and vault maps discovered:
D:1:      saegor_arrival_simple_b, layout_loops_ring
D:2:      layout_loops_corners, nicolae_overflow_hidden_temple

Skill      XL: |  1  2 |
---------------+-------+-----
Long Blades    | 2 |  2.3
Armour         | 3 |  3.1
Fighting       | |  3.2
Shields        | |  2.9

Action                   || total
-------------------------++-------
Melee: Long sword        ||    67
Armor: Scale mail        ||    43
Dodge: Dodged            ||    20
Block: Kite shield       ||    37
       Rpst.: Long sword ||     4

Table legend:
 A = Non-vault XP
 B = Vault XP
 C = Vault XP percentage of total XP
 D = Non-vault monster count
 E = Vault monster count
 F = Vault count percentage of total count
                 A         B        C        D         E       F
            +---------+---------+-------+---------+---------+-------
      Total |      45 |       0 |   0.0 |      23 |       0 |   0.0
            +---------+---------+-------+---------+---------+-------
        D:1 |      41 |       0 |   0.0 |      21 |       0 |   0.0
        D:2 |       4 |       0 |   0.0 |       2 |       0 |   0.0
            +---------+---------+-------+---------+---------+-------
